 Dungeon Crawl Stone Soup version 0.31.0-32-g396128a36d (webtiles) character file.

Game seed: 16898337986258555489

94546 McKennaii the Devastator (level 15, -13/99 HPs)
             Began as a Demigod Conjurer on Mar 24, 2024.
             Killed from afar by Azrael (28 damage)
             ... with damnation
             ... on level 15 of the Dungeon.
             The game lasted 00:56:09 (25167 turns).

McKennaii the Devastator (Demigod Conjurer)        Turns: 25167, Time: 00:56:10

Health: -13/99     AC: 11    Str: 23    XL:     15   Next: 21%
Magic:  5/40       EV: 15    Int: 40    God:
Gold:   1702       SH:  9    Dex:  9    Spells: 26/45 levels left

rFire   . . .        W - +3 scimitar "Dragon's Tongue" {flame, rF+ Int+4 Dex-3}
rCold   + . .        r - +5 buckler of the Arena {Dex+3 SInv}
rNeg    . . .        A - +2 ring mail {Will+}
rPois   +            (no helmet)
rElec   .            (no cloak)
rCorr   .            S - +0 pair of gloves
SInv    +            V - +1 pair of boots
Will    ++...        j - amulet of magic regeneration
Stlth   ++           R - ring of Viucilav {rPois EV+5 Str+6 Slay-5}
HPRegen 0.36/turn    T - ring "Ukaphoam" {Ice Str+5 Dex-3 Stlth+}
MPRegen 0.67/turn

%: no passive effects
@: studying Long Blades
A: high MP 1, forlorn, divine attributes
a: no special abilities


You were on level 15 of the Dungeon.
You visited 2 branches of the dungeon, and saw 20 of its levels.
You also visited: Bailey and Ice Cave.

You collected 1702 gold pieces.

Inventory:

Hand Weapons
 W - the +3 scimitar "Dragon's Tongue" (weapon) {flame, rF+ Int+4 Dex-3}
   (You found it in an ice cave)

   Int+4:     It affects your intelligence (+4).
   Dex-3:     It affects your dexterity (-3).
   rF+:       It protects you from fire.
Missiles
 U - a throwing net
Armour
 r - the +5 buckler of the Arena (worn) {Dex+3 SInv}
   (You acquired it on level 13 of the Dungeon)

   Dex+3:     It affects your dexterity (+3).
   SInv:      It lets you see invisible.
 A - a +2 ring mail of willpower (worn)
 I - +2 fire dragon scales
 J - +1 swamp dragon scales
 Q - +0 acid dragon scales
 S - a +0 pair of gloves (worn)
 V - a +1 pair of boots (worn)
 X - +0 ice dragon scales
Jewellery
 j - an amulet of magic regeneration (around neck)
 w - a ring of protection from cold
 E - a ring of resist corrosion
 H - a ring of willpower
 R - the ring of Viucilav (left hand) {rPois EV+5 Str+6 Slay-5}
   (You found it on level 1 of the Lair of Beasts)

   [ring of evasion]

   EV+5:      It affects your evasion (+5).
   Str+6:     It affects your strength (+6).
   Slay-5:    It affects your accuracy & damage with ranged weapons and melee
   (-5).
   rPois:     It protects you from poison
 T - the ring "Ukaphoam" (right hand) {Ice Str+5 Dex-3 Stlth+}
   (You found it on level 9 of the Dungeon)

   [ring of ice]

   Ice:       It enhances your ice magic.
   Str+5:     It affects your strength (+5).
   Dex-3:     It affects your dexterity (-3).
   rF-:       It makes you vulnerable to fire.
   rC+:       It protects you from cold.
   Stlth+:    It makes you more stealthy.
Wands
 q - a wand of mindburst (16)
 x - a wand of flame (59)
 C - a wand of charming (2)
 N - a wand of acid (4)
 O - a wand of polymorph (6)
 P - a wand of iceblast (2)
Scrolls
 a - 2 scrolls of fog
 d - 5 scrolls of enchant armour
 g - 3 scrolls of blinking
 h - 3 scrolls of vulnerability
 n - 12 scrolls of teleportation
 o - 2 scrolls of fear
 p - a scroll of amnesia
 t - 2 scrolls of immolation
 y - a scroll of brand weapon
 z - 4 scrolls of poison
 B - a scroll of torment
 F - 4 scrolls of enchant weapon
 L - 3 scrolls of revelation {unknown}
 Y - a scroll of identify
Potions
 b - 7 potions of magic
 c - 2 potions of ambrosia
 e - 8 potions of curing
 f - 3 potions of berserk rage
 i - 2 potions of enlightenment
 k - 6 potions of degeneration {unknown}
 l - 3 potions of attraction {unknown}
 m - 3 potions of brilliance
 s - 4 potions of heal wounds {unknown}
 u - 2 potions of haste {unknown}
 v - 2 potions of resistance {unknown}
 D - 3 potions of cancellation {unknown}
 G - 6 potions of might {unknown}
 K - 4 potions of mutation
 M - 3 potions of lignification {unknown}


   Skills:
 - Level 6.0 Armour
 - Level 1.7 Dodging
 - Level 1.7 Stealth
 - Level 4.0 Shields
 + Level 15.9 Spellcasting
 + Level 17.5 Conjurations
 + Level 5.9 Fire Magic


You had 26 spell levels left.
You knew the following spells:

 Your Spells              Type           Power      Damage    Failure   Level
a - Magic Dart            Conj           100%       1d8       0%          1
b - Searing Ray           Conj           100%       2d8       0%          2
c - Iskenderun's Mystic   Conj/Tloc      80%        2d16      1%          4
d - Fireball              Conj/Fire      45%        3d18      1%          5
e - Orb of Destruction    Conj           53%        9d13      1%          7

Your spell library contained the following spells:

 Spells                   Type           Power      Damage    Failure   Level
 Apportation              Tloc           62%        N/A       1%          1
 Freeze                   Ice            100%       1d10      1%          1
 Sting                    Conj/Alch      100%       1d9       1%          1
 Hailstorm                Conj/Ice       100%       3d16      1%          3
 Brom's Barrelling Bould  Conj/Erth      80%        2d9       1%          4
 Fulminant Prism          Conj/Alch      40%        3d19      1%          4
 Iskenderun's Battlesphe  Conj           100%       2d15      1%          5
 Cigotuvi's Dreadful Rot  Necr/Alch/Air  62%        N/A       2%          2
 Ensorcelled Hibernation  Hex/Ice        94%        N/A       2%          2
 Jinxbite                 Hex            62%        N/A       2%          2
 Lesser Beckoning         Tloc           62%        N/A       2%          2
 Mercury Vapours          Alch/Air       62%        N/A       2%          2
 Call Canine Familiar     Summ           31%        N/A       5%          3
 Frozen Ramparts          Ice            94%        1d15      5%          3
 Gell's Gravitas          Tloc           31%        N/A       5%          3
 Passwall                 Erth           31%        N/A       5%          3
 Sigil of Binding         Hex            31%        N/A       5%          3
 Swiftness                Air            31%        N/A       5%          3
 Teleport Other           Tloc           31%        N/A       5%          3
 Conjure Ball Lightning   Conj/Air       40%        3x3d13    8%          6
 Dimensional Bullseye     Hex/Tloc       15%        N/A       19%         4
 Dispel Undead            Necr           31%        3d14      19%         4
 Martyr's Knell           Necr/Summ      31%        N/A       19%         4
 Olgreb's Toxic Radiance  Alch           31%        N/A       19%         4
 Alistair's Intoxication  Alch           20%        N/A       45%         5
 Summon Forest            Summ/Tloc      15%        N/A       45%         5
 Yara's Violent Unravell  Hex/Alch       15%        3d8       45%         5
 Death Channel            Necr           15%        N/A       95%         6
 Dispersal                Tloc           15%        N/A       95%         6
 Eringya's Noxious Bog    Alch           15%        4d6       95%         6
 Enfeeble                 Hex            15%        N/A       100%        7
 Haunt                    Necr/Summ      15%        N/A       100%        7
 Summon Hydra             Summ           15%        N/A       100%        7
 Borgnjor's Revivificati  Necr           15%        N/A       100%        8
 Chain Lightning          Conj/Air       40%        3d53      100%        9
 Death's Door             Necr           15%        N/A       100%        9
 Fire Storm               Conj/Fire      45%        8d11      100%        9
 Shatter                  Erth           15%        3d15*     100%        9


Dungeon Overview and Level Annotations

Branches:
Dungeon (15/15)            Temple (0/1) D:5            Lair (5/5) D:11
 Shoals (0/4) Lair:2       Spider (0/4) Lair:2        Slime (0/5) Lair:4
    Orc (0/2) D:11         Vaults (0/5) D:14         Bailey (visited)
  IceCv (visited)
 Depths: D:15

Shops:
D:7 :[(   D:9 *

Annotations:
D:15 Azrael


Innate Abilities, Weirdness & Mutations

You have an increased reservoir of magic. (+10% MP)
You shall have no god before yourself.
Your divine heritage dramatically boosts your attributes as you level up.


Message History

You erupt in a blast of force!
The mystic blast hits Azrael.
Azrael is lightly wounded.
Azrael is knocked back by the mystic blast.
Unknown command.
Unknown command.
Casting: Iskenderun's Mystic Blast (mildly dangerous; 1% risk of failure)
Confirm with . or Enter, or press ? or * to list all spells.
Aiming: Orb of Destruction (dangerous; 1% risk of failure)
Press: ? - help, Shift-Dir - straight line, f - Azrael
Aim: Azrael, wielding a +2 scimitar of flaming (lightly wounded) Unknown command.
Unknown command.
Unknown command.
Casting: Orb of Destruction (dangerous; 1% risk of failure)
Confirm with . or Enter, or press ? or * to list all spells.
You don't have enough magic to cast this spell.
Unknown command.
Unknown command.
Unknown command.
Azrael's eyes look fiery.
Casting: Orb of Destruction (dangerous; 1% risk of failure)
Confirm with . or Enter, or press ? or * to list all spells.
Aiming: Orb of Destruction (dangerous; 1% risk of failure)
Press: ? - help, Shift-Dir - straight line, f/p - Azrael
Aim: Azrael, wielding a +2 scimitar of flaming (lightly wounded) Azrael gestures at you.
The fireball explodes!
The fireball engulfs you!!
Unknown command.
Unknown command.
The orb of destruction hits Azrael!!!
Azrael is severely wounded.
Azrael laughs insanely.
Azrael gestures at you. The bolt of fire hits you!! Azrael gestures at you.
The bolt of fire hits you!!
* * * LOW HITPOINT WARNING * * *
Azrael gestures at you.
The sphere of damnation explodes!
The damnation engulfs you!!
You die...

.......##.##P...#####..#
..PP..♣#.⌠.#P..R.......#
.♣♣.♣♣.##.##P...########
.♣♣.♣♣.P#'#♣....#
.......♣...♣P...#
♣♣♣.♣♣.♣...♣....# #####...#
.♣♣.♣♣P♣...♣....# #..(....#
..P..PPP........#######.......#
................@.............#
..............................#
.#.#####......................#
... #######................#
.## #................# .
###................###
.......................
....................<###
..######..............#


You could see Azrael.

Vanquished Creatures
  Rupert (D:14)
  Kirke (D:13)
  A reaper (IceCv)
  Josephine (D:11)
  5 hydras
  Erica (D:8)
  4 two-headed ogres
  4 boulder beetles
  7 centaur warriors
  A tengu warrior (D:15)
  13 death yaks
  Urug (D:10)
  Sonja (D:10)
  4 skysharks
  19 ugly things
  4 lindwurms (D:9)
  An orc knight (D:14)
  2 manticores
  6 meliai
  13 elephants
  2 cyclopes
  An ice statue (IceCv)
  2 black mambas (Lair:5)
  3 torpor snails
  6 cane toads
  2 gargoyles
  2 unseen horror zombies (D:9)
  2 unseen horrors
  Maggie (D:10)
  2 rime drakes (Lair:5)
  A kobold demonologist (D:11)
  7 komodo dragons
  3 anaconda simulacra (IceCv)
  2 burning bushes (Lair:5)
  3 trolls
  6 hornets
  5 polar bears
  2 dream sheep (Lair:5)
  8 blink frogs
  6 slime creatures (D:14)
  A vampire (D:12)
  Sigmund (D:5)
  7 wyverns
  68 yaks
  3 shadows
  2 fire elementals (D:15)
  5 wraiths
  16 spriggans
  16 humans (D:14)
  Grum (D:9)
  Eustachio (D:5)
  A yak (shapeshifter) (D:13)
  4 basilisks
  10 vampire mosquitoes
  3 hogs (D:13)
  Menkaure (D:5)
  2 steam dragons
  A redback (Lair:2)
  4 death yak simulacra (IceCv)
  A harpy simulacrum (IceCv)
  A hydra simulacrum (IceCv)
  6 hell hounds (D:15)
  Duvessa (D:6)
  4 acid dragons
  27 water moccasins
  A sky beast (D:7)
  The ghost of gdask the Trooper, an amateur MiFi (D:4)
  4 black bears
  An orc warrior (D:11)
  24 wolves
  2 laughing skulls (D:13)
  4 ogres (Bailey)
  4 boggarts (Lair:5)
  13 centaurs
  2 phantoms
  3 kobold brigands
  11 bullfrogs
  2 gnoll sergeants
  3 two-headed ogre simulacra (IceCv)
  3 cane toad simulacra (IceCv)
  A water moccasin zombie (D:4)
  2 scorpions
  A burial acolyte (D:9)
  10 wights
  Dowan (D:6)
  2 elephant simulacra (IceCv)
  11 killer bees
  5 howler monkeys
  3 centaur zombies (D:9)
  6 hounds
  A bullfrog zombie (D:4)
  2 orc priests
  2 bombardier beetles
  A human zombie (D:9)
  8 jellies
  3 centaur skeletons
  A gnoll bouda (D:9)
  4 iguanas
  10 orc wizards
  4 hell rats (Lair:2)
  7 spriggan simulacra (IceCv)
  3 troll simulacra (IceCv)
  2 wolf simulacra (IceCv)
  15 gnolls
  10 adders
  5 naga simulacra (IceCv)
  A shadow imp (D:7)
  18 white imps
  12 ufetubi
  A ribbon worm (D:2)
  2 dart slugs
  39 orcs
  4 ball pythons
  11 endoplasms
  9 giant cockroaches
  10 goblins
  5 hobgoblins
  10 jackals
  3 quokkas
  6 bats
  3 frilled lizards
  18 kobolds
  8 rats
  A butterfly (Lair:4)
702 creatures vanquished.

Notes
Turn   | Place    | Note
-------+----------+-------------------------------------------
     0 | D:1      | McKennaii the Demigod Conjurer began the quest for the Orb.
     0 | D:1      | Reached XP level 1. HP: 14/14 MP: 5/5
     1 | D:1      | Found a runed translucent door.
   499 | D:1      | Reached XP level 2. HP: 20/20 MP: 5/7
   502 | D:1      | Learned a level 2 spell: Searing Ray
  1026 | D:1      | Reached skill level 4 in Conjurations
  1122 | D:1      | Reached XP level 3. HP: 23/26 MP: 2/9
  2024 | D:3      | Reached XP level 4. HP: 24/33 MP: 4/11
  2537 | D:3      | Learned a level 4 spell: Iskenderun's Mystic Blast
  2614 | D:4      | Reached XP level 5. HP: 38/38 MP: 13/13
  2660 | D:4      | Reached skill level 5 in Conjurations
  2905 | D:4      | Found a transporter.
  2906 | D:4      | Noticed gdask's ghost (amateur MiFi)
  2910 | D:4      | Found a transporter.
  3073 | D:5      | Entered Level 5 of the Dungeon
  3100 | D:5      | Noticed Eustachio
  3112 | D:5      | Killed Eustachio
  3113 | D:5      | Reached XP level 6. HP: 44/45 MP: 8/15
  3140 | D:5      | Noticed Sigmund
  3146 | D:5      | Killed Sigmund
  3147 | D:5      | Reached skill level 6 in Conjurations
  3223 | D:5      | Reached XP level 7. HP: 40/50 MP: 12/17
  3297 | D:5      | Reached skill level 5 in Spellcasting
  3362 | D:5      | Identified the +1 trident of Departure {freeze, rF+ rC+
                  | Will+ Dex-4}
  3442 | D:5      | Noticed Menkaure
  3447 | D:5      | Killed Menkaure
  3598 | D:5      | Found a staircase to the Ecumenical Temple.
  3853 | D:6      | Reached skill level 7 in Conjurations
  3955 | D:6      | Noticed Duvessa
  3961 | D:6      | Noticed Dowan
  3966 | D:6      | Killed Duvessa
  3967 | D:6      | Reached XP level 8. HP: 40/57 MP: 13/21
  3977 | D:6      | Killed Dowan
  4108 | D:6      | Identified the +1 dagger of Ohizolog {freeze, Dex+7}
  4702 | D:4      | Reached skill level 8 in Conjurations
  4708 | D:4      | Killed gdask's ghost
  5186 | D:7      | Noticed a purple ugly thing
  5233 | D:7      | Killed a purple ugly thing
  5234 | D:7      | Reached skill level 9 in Conjurations
  5234 | D:7      | Reached XP level 9. HP: 38/62 MP: 3/24
  5330 | D:7      | Found Tinkaimo's Weapon Shop.
  5563 | D:7      | Found Larounak's Book Shop.
  5756 | D:7      | Found Ecet's Armour Shoppe.
  6542 | D:8      | Noticed a two-headed ogre
  6567 | D:8      | Killed a two-headed ogre
  6568 | D:8      | Reached skill level 10 in Conjurations
  6644 | D:8      | Noticed Erica
  6655 | D:8      | Killed Erica
  6656 | D:8      | Reached XP level 10. HP: 50/69 MP: 11/27
  6677 | D:8      | Found a flagged portal.
  6684 | Bailey   | Entered a bailey
  6785 | Bailey   | Noticed a two-headed ogre
  6875 | Bailey   | Killed a two-headed ogre
  6876 | Bailey   | Reached skill level 11 in Conjurations
  7132 | Bailey   | Reached skill level 10 in Spellcasting
  8089 | D:9      | Found Nahysox's Mayhem Merchandise.
  8102 | D:9      | Noticed a lindwurm
  8103 | D:9      | Noticed a lindwurm
  8105 | D:9      | Noticed a lindwurm
  8106 | D:9      | Noticed a lindwurm
  8809 | D:9      | Reached skill level 12 in Conjurations
  8814 | D:9      | Reached XP level 11. HP: 70/74 MP: 15/30
  9004 | D:9      | Noticed Grum
  9014 | D:9      | Killed Grum
  9292 | D:10     | Entered Level 10 of the Dungeon
  9293 | D:10     | Noticed Sonja
  9300 | D:10     | Killed Sonja
  9369 | D:10     | Noticed Maggie
  9382 | D:10     | Killed Maggie
  9577 | D:10     | Identified the +8 dagger of the Arena {flame, Str+2}
  9679 | D:10     | Noticed Urug
  9693 | D:10     | Killed Urug
  9694 | D:10     | Reached skill level 1 in Armour
 10070 | D:11     | Noticed Josephine
 10078 | D:11     | Killed Josephine
 10252 | D:11     | Reached skill level 13 in Conjurations
 10788 | D:11     | Found a staircase to the Lair.
 10894 | D:11     | Found a staircase to the Orcish Mines.
 10966 | D:11     | Reached XP level 12. HP: 55/81 MP: 15/32
 11045 | D:11     | Noticed a boulder beetle
 11070 | D:11     | Killed a boulder beetle
 11691 | Lair:1   | Entered Level 1 of the Lair of Beasts
 11819 | Lair:1   | Reached skill level 5 in Armour
 12375 | Lair:1   | Identified the ring of Viucilav {rPois EV+5 Str+6 Slay-5}
 12485 | Lair:1   | Identified the +0 robe of the Teacher {Stlth+}
 12948 | Lair:2   | Reached skill level 14 in Conjurations
 13025 | Lair:2   | Found a staircase to the Shoals.
 13218 | Lair:2   | Found a hole to the Spider Nest.
 14275 | Lair:3   | Noticed an eight-headed hydra
 14290 | Lair:3   | Killed an eight-headed hydra
 14411 | Lair:3   | Learned a level 5 spell: Fireball
 15060 | D:11     | Learned a level 7 spell: Orb of Destruction
 15195 | D:9      | Reached XP level 13. HP: 86/86 MP: 24/35
 15234 | D:9      | Identified the ring "Ukaphoam" {Ice Str+5 Dex-3 Stlth+}
 15600 | Lair:4   | Found a staircase to the Slime Pits.
 16017 | Lair:4   | Reached skill level 15 in Conjurations
 16128 | Lair:4   | Identified the +5 halberd of Departure {freeze, rC+ MP+9}
 16579 | Lair:5   | Entered Level 5 of the Lair of Beasts
 17770 | Lair:5   | Identified a scroll of acquirement
 17954 | Lair:5   | Reached skill level 16 in Conjurations
 18284 | Lair:5   | Reached XP level 14. HP: 93/93 MP: 3/38
 18572 | Lair:5   | Reached skill level 15 in Spellcasting
 19237 | D:12     | Reached skill level 1 in Fire Magic
 19640 | D:12     | You fall into a shaft and drop 3 floors!
 19640 | D:15     | Entered Level 15 of the Dungeon
 20506 | D:14     | Found a gate to the Vaults.
 20515 | D:13     | Acquired the +5 buckler of the Arena {Dex+3 SInv}
 20826 | D:13     | Noticed Kirke
 20833 | D:13     | Killed Kirke
 20834 | D:13     | Reached skill level 1 in Shields
 20854 | D:13     | Found a frozen archway.
 20953 | IceCv    | Entered an ice cave
 20958 | IceCv    | Reached skill level 17 in Conjurations
 21177 | IceCv    | Identified the +3 scimitar "Dragon's Tongue" {flame, rF+
                  | Int+4 Dex-3}
 21547 | IceCv    | Noticed a reaper
 21554 | IceCv    | Killed a reaper
 23284 | D:14     | Noticed Rupert
 23349 | D:14     | Killed Rupert
 23643 | D:14     | Reached skill level 5 in Fire Magic
 23950 | D:14     | Reached XP level 15. HP: 61/99 MP: 12/40
 24756 | D:14     | Identified the +9 mace of Turmoil {elec, Str+4 Dex+4}
 25145 | D:15     | Noticed Azrael
 25167 | D:15     | Killed from afar by Azrael

Illustrated notes

Levels and vault maps discovered:
D:1:      dpeg_arrival_caged_fury, layout_basic
D:2:      layout_loops_ring
D:3:      layout_basic, nicolae_dithmenos_shadow_blocks,
          mainiacjoe_overflow_six_doors_small, serial_glass, glass_columns_b,
          glass_columns_a, glass_columns_b, glass_columns_a
D:4:      layout_cave_pools, overflow_temple_1_default,
          gammafunk_ghost_mausoleum
D:5:      layout_basic, minmay_temple_entry_hall,
          hangedman_abyss_or_decor_stabs, uniq_menkaure, uniq_eustachio,
          uniq_sigmund
D:6:      layout_rooms, lexackson_kobold_supper, uniq_duvessa
D:7:      layout_basic, tso_oasis_becter, mainiacjoe_overflow_tiny_flanked,
          serial_shops, nicolae_shop_temple_entry_statues_fountains,
          nicolae_take_the_stairs, nicolae_shop_pleasant_corner_grove
D:8:      layout_gridville, enter_bailey_3, kennysheep_generic_room_12,
          uniq_erica
D:9:      layout_roguey, lemuel_mausoleum_altar_kikubaaqudgha,
          minmay_shop_mayhem, minmay_lindwurm_lava, uniq_grum
D:10:     layout_big_octagon, general_overflow_altar, bh_walls_and_bars,
          uniq_sonja, uniq_maggie, uniq_urug
D:11:     layout_loops_ring, minmay_lair_entry_grove, orc_0_dummy, st_stairs_1,
          nicolae_eternal_life, uniq_josephine
D:12:     argonaut_augean_stables, layout_basic, hangedman_decor_opposing,
          hangedman_ru_absence
D:13:     layout_loops_ring, portal_ice_cave_entry_imps, uniq_kirke
D:14:     layout_cave_pods, david_vaults_3, zin_angel
D:15:     hangedman_depths_entry_try_elsewhere_first, layout_small_grid,
          serial_park_gazebo [serial_park_minivault_5x5_8], uniq_louise,
          uniq_azrael
Lair:1:   layout_regular_city
Lair:2:   layout_misc_corridors, shoals_dummy_entry, spider_nest_entry_webs,
          basic_altar
Lair:3:   layout_cave_pods
Lair:4:   layout_long_grid, nicolae_slime_entry_slimehenge,
          hangedman_lair_unloving_vines, grunt_megastairs_5,
          lemuel_fruit_fields, infiniplex_staircase_pool_2
Lair:5:   minmay_lair_end_enchanted_forest, layout_big_grid, evilmike_ambush
          [evilmike_ambush_outer_basic, evilmike_ambush_inner_basic]

Skill      XL: |  1  2  3  4  5  6  7  8  9 10 11 12 13 14 15 |
---------------+----------------------------------------------+-----
Spellcasting   | 2 3 4 6 7 9 10 12 13 14 15 | 15.9
Conjurations   | 4 5 6 7 9 10 12 13 14 16 17 | 17.5
Armour         | 4 6 |  6.0
Fire Magic     | 5 |  5.9
Shields        | 3 4 |  4.0
Dodging        | |  1.7
Stealth        | |  1.7

Action                     |  1- 3 |  4- 6 |  7- 9 | 10-12 | 13-15 || total
---------------------------+-------+-------+-------+-------+-------++-------
  Melee: Unarmed           |     7 |     1 |       |       |       ||     8
         Rapier            |       |       |   148 |    25 |    15 ||   188
         Punch             |       |       |     5 |       |       ||     5
   Cast: Magic Dart        |    68 |    73 |   130 |   385 |   149 ||   805
         Searing Ray       |     8 |    10 |    42 |    62 |    18 ||   140
         Iskenderun's Myst |       |       |    21 |   230 |   142 ||   393
         Orb of Destructio |       |       |       |     4 |     3 ||     7
         Fireball          |       |       |       |     3 |   371 ||   374
  Evoke: Wand              |       |       |       |    12 |     5 ||    17
    Use: Scroll            |       |       |       |    13 |     9 ||    22
         Potion            |       |       |       |       |     1 ||     1
 Armour: Robe              |    32 |    12 |    57 |    63 |       ||   164
         Ring mail         |       |       |       |   112 |   137 ||   249
  Dodge: Dodged            |    38 |    14 |    53 |   149 |    94 ||   348
  Block: Buckler           |       |       |       |       |    15 ||    15
